 Dungeon Crawl Stone Soup version 0.32-a0-171-g4625e66871 (webtiles) character file.

Game seed: 2760395321537878806

1716304 momomo the Slayer (level 27, 341/408 HPs)
             Began as an Oni Monk on Feb 11, 2024.
             Was the Champion of Wu Jian.
             Escaped with the Orb
             ... and 3 runes on Feb 12, 2024!
             The game lasted 01:47:04 (66010 turns).

momomo the Slayer (Oni Monk)                       Turns: 66010, Time: 01:47:05

Health: 341/408    AC: 35    Str: 29      XL:     27
Magic:  37/37      EV: 21    Int: 13 (15) God:    Wu Jian [******]
Gold:   4472       SH:  0    Dex: 15      Spells: 20/46 levels left

rFire   + . .        Y - +8 giant spiked club (chaos)
rCold   + . .        (shield currently unavailable)
rNeg    + + .        (body armour currently unavailable)
rPois   ∞            x - +0 hat "Neerph" {Dex+2 SInv}
rElec   +            i - +1 cloak of Starlight {*Dazzle EV+4 Stlth--}
rCorr   +            (gloves unavailable)
SInv    +            (boots unavailable)
Will    +++++        V - amulet of the Four Winds {rN+ Will+++ Clar} Stlth
                     K - ring of Seac Odi {rF+ rCorr Dex+2}
HPRegen 0.88/turn    G - ring of the Stallion {rC+ AC+4 Stlth+}
MPRegen 0.25/turn

%: clarity
@: statue-form, studying Fighting, very slow
A: slow and powerful, torment resistance 1, boosted hp, large, unfitting armour,
horns 1, (tough skin 1), double potion healing, drunken brawling, strong-willed
1, wild magic 1
0: Orb of Zot
}: 3/15 runes: serpentine, barnacled, silver
a: Begin Untransformation, Renounce Religion, Wall Jump, Serpent's Lash,
Heavenly Storm


You escaped.
You worshipped Wu Jian.
Wu Jian was exalted by your worship.
You were a living statue of rough stone.
You visited 10 branches of the dungeon, and saw 48 of its levels.
You visited the Abyss 1 time.
You also visited: Trove and Gauntlet.

You collected 9335 gold pieces.
You spent 4863 gold pieces at shops.

Inventory:

Hand Weapons
 H - a +8 demon whip of freezing
 Y - a +8 giant spiked club of chaos (weapon)
Missiles
 s - 9 throwing nets {!f}
 w - 8 curare-tipped darts
 y - 14 javelins
 N - 81 boomerangs
 O - 88 large rocks
 U - 12 silver javelins
Armour
 i - the +1 cloak of Starlight (worn) {*Dazzle EV+4 Stlth--}
   (You found it in a treasure trove)

   *Dazzle:   It may blind those who miss an attack against the wearer in melee
   combat.
   EV+4:      It affects your evasion (+4).
   Stlth--:   It makes you much less stealthy.
 o - a +2 cloak of poison resistance
 t - a +1 kite shield of reflection
 x - the +0 hat "Neerph" (worn) {Dex+2 SInv}
   (You acquired it on level 1 of the Lair of Beasts)

   Dex+2:     It affects your dexterity (+2).
   SInv:      It lets you see invisible.
Jewellery
 b - a ring of see invisible
 d - the ring "Osinoijea" {Int+6 Slay+3}
   (You found it on level 4 of the Vaults)

   [ring of intelligence]

   Int+6:     It affects your intelligence (+6).
   Slay+3:    It affects your accuracy & damage with ranged weapons and melee
   (+3).
 f - a ring of protection from fire
 g - the amulet of Rasicapp {Regen+ Dex+3}
   (You found it on level 4 of the Vaults)

   [amulet of regeneration]

   Dex+3:     It affects your dexterity (+3).
   Regen+:    It increases your rate of health regeneration.
 h - a ring of willpower
 k - a ring of flight
 G - the ring of the Stallion (right fist) {rC+ AC+4 Stlth+}
   (You found it in a Gauntlet)

   [ring of protection]

   AC+4:      It affects your AC (+4).
   rC+:       It protects you from cold.
   Stlth+:    It makes you more stealthy.
 K - the ring of Seac Odi (left fist) {rF+ rCorr Dex+2}
   (You took it off a tengu reaver on level 5 of the Vaults)

   [ring of protection from fire]

   Dex+2:     It affects your dexterity (+2).
   rF+:       It protects you from fire.
   rCorr:     It protects you from acid and corrosion.
 V - the amulet of the Four Winds (around neck) {rN+ Will+++ Clar}
   (You bought it in a shop on level 3 of the Snake Pit)

   [amulet of nothing]

   rN+:       It protects you from negative energy.
   Will+++:   It greatly increases your willpower.
   Clar:      It protects you from confusion, rage, mesmerisation and fear.
Talismans
 v - a granite talisman (active)
Wands
 u - a wand of charming (51)
 A - a wand of digging (2) {@v3}
 I - a wand of quicksilver (15)
 J - a wand of iceblast (71) {@v2}
 Q - a wand of mindburst (35)
Scrolls
 j - 7 scrolls of vulnerability
 m - 17 scrolls of immolation
 n - 9 scrolls of teleportation {@r3}
 p - 9 scrolls of enchant armour
 q - 3 scrolls of blinking {@r4}
 B - 6 scrolls of fear
 D - 3 scrolls of butterflies
 F - 4 scrolls of revelation
 P - a scroll of poison
 R - 12 scrolls of fog
Potions
 a - 10 potions of might {@q3}
 c - 7 potions of ambrosia
 e - 13 potions of attraction
 l - 2 potions of cancellation
 r - 7 potions of magic
 z - 2 potions of heal wounds {@q2}
 C - 21 potions of curing {@q1}
 L - 8 potions of haste {@q4}
 S - 11 potions of mutation
 T - 2 potions of resistance {@q5}
 W - 3 potions of invisibility
 Z - 12 potions of lignification
Miscellaneous
 E - a sack of spiders
 M - a lightning rod (4/4)
 X - a phantom mirror


   Skills:
 - Level 25.0 Fighting
 + Level 24.8 Maces & Flails
 * Level 21.9 Throwing
 + Level 15.8 Dodging
 - Level 10.0 Spellcasting
 - Level 10.0 Necromancy
 - Level 9.2 Translocations
 - Level 10.0 Earth Magic
 * Level 11.6 Evocations
 + Level 18.0 Shapeshifting


You had 20 spell levels left.
You knew the following spells:

 Your Spells              Type           Power      Damage    Failure   Level
a - Apportation           Tloc           78%        N/A       1%          1
b - Blink                 Tloc           78%        N/A       1%          2
c - Passage of Golubria   Tloc           39%        N/A       4%          4
d - Borgnjor's Vile Clut  Necr/Erth      21%        N/A       8%          5
e - Lesser Beckoning      Tloc           78%        N/A       1%          2
f - Summon Forest         Summ/Tloc      12%        N/A       52%         5
g - Manifold Assault      Tloc           39%        N/A       4%          4
h - Passwall              Erth           42%        N/A       1%          3

Your spell library contained the following spells:

 Spells                   Type           Power      Damage    Failure   Level
 Necrotise                Necr           100%       1d9       1%          1
 Sandblast                Erth           84%        2d18      1%          1
 Gell's Gravitas          Tloc           39%        N/A       1%          3
 Teleport Other           Tloc           39%        N/A       1%          3
 Kiss of Death            Conj/Necr      100%       2d13      2%          1
 Dispel Undead            Necr           42%        3d17      3%          4
 Momentum Strike          Conj/Tloc      48%        3d9       4%          2
 Stone Arrow              Conj/Erth      50%        3d10      7%          3
 Volatile Blastmotes      Fire/Tloc      48%        2d14      8%          3
 Curse of Agony           Necr           42%        N/A       8%          5
 Lee's Rapid Deconstruct  Erth           21%        3d12*     8%          5
 Foxfire                  Conj/Fire      32%        2x1d5     16%         1
 Freeze                   Ice            32%        1d5       16%         1
 Sting                    Conj/Alch      32%        1d5       16%         1
 Summon Small Mammal      Summ           32%        N/A       16%         1
 Anguish                  Hex/Necr       12%        N/A       21%         4
 Animate Armour           Summ/Erth      50%        N/A       21%         4
 Brom's Barrelling Bould  Conj/Erth      25%        2d5       21%         4
 Call Imp                 Summ           16%        N/A       24%         2
 Jinxbite                 Hex            16%        N/A       24%         2
 Mercury Vapours          Alch/Air       16%        N/A       24%         2
 Static Discharge         Conj/Air       16%        3-4/arc   24%         2
 Dimensional Bullseye     Hex/Tloc       12%        N/A       24%         4
 Iskenderun's Mystic Bla  Conj/Tloc      24%        2d7       24%         4
 Call Canine Familiar     Summ           8%         N/A       41%         3
 Confusing Touch          Hex            8%         N/A       41%         3
 Dazzling Flash           Conj/Hex       16%        N/A       41%         3
 Frozen Ramparts          Ice            16%        1d3       41%         3
 Hailstorm                Conj/Ice       8%         3d5       41%         3
 Inner Flame              Hex/Fire       8%         N/A       41%         3
 Mephitic Cloud           Conj/Alch/Air  8%         N/A       41%         3
 Sigil of Binding         Hex            8%         N/A       41%         3
 Tukima's Dance           Hex            8%         N/A       41%         3
 Dispersal                Tloc           19%        N/A       45%         6
 Airstrike                Air            4%         2d(1-17)  80%         4
 Cause Fear               Hex            4%         N/A       80%         4
 Fulminant Prism          Conj/Alch      4%         3d5       80%         4
 Ignite Poison            Fire/Alch      8%         N/A       80%         4
 Olgreb's Toxic Radiance  Alch           8%         N/A       80%         4
 Sticky Flame             Fire/Alch      8%         2d4       80%         4
 Summon Blazeheart Golem  Fire/Summ      8%         N/A       80%         4
 Summon Lightning Spire   Summ/Air       8%         N/A       80%         4
 Bombard                  Conj/Erth      12%        9d3       95%         6
 Alistair's Intoxication  Alch           5%         N/A       98%         5
 Freezing Cloud           Conj/Ice/Air   4%         6-21      98%         5
 Irradiate                Conj/Alch      4%         3d13      98%         5
 Iskenderun's Battlesphe  Conj           8%         2d6       98%         5
 Metabolic Englaciation   Hex/Ice        4%         N/A       98%         5
 Silence                  Hex/Air        4%         N/A       98%         5
 Summon Mana Viper        Hex/Summ       8%         N/A       98%         5
 Yara's Violent Unravell  Hex/Alch       4%         3d4       98%         5
 Conjure Ball Lightning   Conj/Air       4%         3x3d6     100%        6
 Eringya's Noxious Bog    Alch           4%         4d6       100%        6
 Plasma Beam              Fire/Air       4%         2x1d14    100%        6
 Sculpt Simulacrum        Ice/Alch       4%         N/A       100%        6
 Starburst                Conj/Fire      4%         6d3       100%        6
 Summon Cactus Giant      Summ           4%         N/A       100%        6
 Enfeeble                 Hex            4%         N/A       100%        7
 Haunt                    Necr/Summ      12%        N/A       100%        7
 Malign Gateway           Summ/Tloc      12%        N/A       100%        7
 Orb of Destruction       Conj           4%         9d5       100%        7
 Ozocubu's Refrigeration  Ice            4%         4d8       100%        7
 Spellforged Servitor     Conj/Summ      4%         N/A       100%        7
 Summon Hydra             Summ           4%         N/A       100%        7
 Borgnjor's Revivificati  Necr           21%        N/A       100%        8
 Discord                  Hex            4%         N/A       100%        8
 Disjunction              Tloc           19%        N/A       100%        8
 Ignition                 Fire           4%         3d4       100%        8
 Lehudib's Crystal Spear  Conj/Erth      12%        10d4      100%        8
 Summon Horrible Things   Summ           4%         N/A       100%        8
 Death's Door             Necr           21%        N/A       100%        9
 Dragon's Call            Summ           4%         N/A       100%        9
 Polar Vortex             Ice            4%         N/A       100%        9
 Shatter                  Erth           21%        3d19*     100%        9
 Sublimation of Blood     Necr           Unusable   N/A       N/A         2

Dungeon Overview and Level Annotations

Branches:
Dungeon (15/15)            Temple (1/1) D:4            Lair (5/5) D:10
 Shoals (4/4) Lair:2        Snake (4/4) Lair:3        Slime (0/5) Lair:5
    Orc (2/2) D:10            Elf (3/3) Orc:2        Vaults (5/5) D:13
  Crypt (0/3) Vaults:2     Depths (4/4) D:15            Zot (5/5) Depths:4
Gauntlet (visited)

Altars:
Ashenzari
Cheibriados
Dithmenos
Elyvilon
Fedhas
Gozag
Hepliaklqana
Kikubaaqudgha
Makhleb
Nemelex Xobeh
Okawaru
Qazlal
Ru
Sif Muna
Trog
Uskayaw
Vehumet
Wu Jian
Xom
Yredelemnul
Zin
The Shining One

Shops:
D:5 ?   D:8 [   Orc:2 ==?[   Elf:3 :   Shoals:4 !   Snake:3 ==   Depths:3 [[[?

Portals:
Hell: Depths:1 Depths:2 Depths:3 Depths:4
Abyss: Depths:2 Depths:3
Pandemonium: Depths:2
Ziggurat: Depths:1

Annotations:
Zot:5 3 runed translucent doors, Nanua's ghost, legendary GnRe


Innate Abilities, Weirdness & Mutations

You are a living statue of rough stone.
Your actions are slow, but your melee attacks are powerful.
You are resistant to unholy torment.
Your maximum health is greatly increased.
Your equipment is partially melded.
You are too large for most types of armour.
You are immune to poison.
You have a pair of small horns on your head.
((You have tough skin. (AC +1)))
You gain doubled healing and magic from potions.
Whenever you drink a healing potion, you attack all around you.
You are strong-willed. (Will+)
Your spells are a little harder to cast, but a little more powerful.


Message History

The hellwing hits you but does no damage.
You barely miss the hellwing.
You headbutt the hellwing, but do no damage.
The hellwing completely misses you.
The hellwing hits you but does no damage.
The hellwing hits you.
The hellwing hits you but does no damage.
You hit the hellwing but do no damage.
You headbutt the hellwing, but do no damage.
The hellwing completely misses you. The hellwing closely misses you.
You stick the hellwing like a pincushion!!!!
You burn the hellwing.
You kill the hellwing!
The Council accepts your kill.
What level of the Dungeon? (default 1, ? - help) You're already here!
Things that are here:
a +0 dagger; a goblin skeleton A large abomination comes into view.
Unknown command.
A large abomination comes into view.
There is an open door here.
An Executioner comes into view.
The Executioner gives a hideous shriek!
Blink to where?
Press: ? - help, Dir - move target
As you read the scroll of blinking {@r4}, it crumbles to dust.
The large abomination barely misses you.
The large abomination misses you.
The large abomination closely misses you.
The large abomination hits you but does no damage.
The Executioner hits you. The Executioner completely misses you.
The Executioner hits you but does no damage.
The Executioner hits you but does no damage. x3
The Executioner misses you. The Executioner barely misses you.
The Executioner completely misses you.
The large abomination completely misses you.
The large abomination misses you. The Executioner misses you. x2
The Executioner hits you but does no damage.
You have escaped!

#......######## #..
##.####.# #.. #..# #'#
#.. #.#####.#### ###..
#.##..#.#..## #.'..
##.#.#.#.#.#.# #.#..
#..#..#...#..# #.#..
#.####..X1.####### #.#..
#.'....XI.....'..####.###
######.....#####....#.# #
#..#...#..# #....#.###
#.#.#.#.#.# #.........
##..#.#..## #.#....###
####[#### #.#.####.. #+##
###.#.# #.. #..####.....#
#.. ##......#.######..


You could see an Executioner and 2 large abominations.

Vanquished Creatures
  2 ancient liches
  4 dread liches
  5 orbs of fire (Zot:5)
  A pandemonium lord (D:12)
  6 juggernauts
  9 Killer Klowns (Zot:5)
  Parghit (Zot:3)
  8 golden dragons
  5 caustic shrikes
  A curse toe (Zot:3)
  The ghost of temujin the Hoplite, an adept MiFi of Okawaru (Vaults:4)
  the Enchantress (Depths:1)
  A bone dragon (Depths:4)
  A Tzitzimitl (Depths:3)
  3 electric golems (Zot:5)
  2 hellephants
  Zenata (Elf:3)
  12 tentacled monstrosities
  2 walking crystal tomes (Depths:3)
  6 liches
  30 Orb Guardians
  2 walking earthen tomes
  5 titans
  2 deep elf blademasters
  A walking divine tome (Depths:4)
  5 quicksilver dragons
  6 sphinxes
  3 death cobs
  2 deep elf master archers (Elf:3)
  An ancient champion (Vaults:2)
  11 tengu reavers
  13 storm dragons
  7 shadow dragons
  6 draconian knights
  11 nagarajas (Snake:4)
  The ghost of Gargoyl the Severer, an adept GrBe of Trog (Snake:4)
  2 protean progenitors (Zot:3)
  9 fire giants
  20 vault wardens
  A draconian monk (Depths:4)
  A draconian shifter (Zot:3)
  2 draconian scorchers
  A balrug (Depths:2)
  5 deep elf sorcerers
  An iron dragon (Vaults:5)
  5 frost giants
  2 deep elf elementalists (Elf:3)
  An orc warlord (Orc:2)
  A reaper (Depths:2)
  A draconian stormcaller (Zot:5)
  A cacodemon (D:14)
  A broodmother (Zot:3)
  A ghost moth (Zot:3)
  3 formless jellyfish
  5 spriggan defenders
  7 stone giants
  14 ironbound preservers
  2 black draconians
  7 green draconians
  2 vampire knights
  30 very ugly things
  5 ironbound thunderhulks
  A minotaur (Gauntlet)
  6 deep elf demonologists
  5 war gargoyles
  3 deep elf annihilators
  7 deep elf death magi
  7 yellow draconians
  2 purple draconians (Zot:3)
  5 spark wasps
  4 white draconians
  A red draconian (Zot:3)
  2 blizzard demons
  An ettin (shapeshifter) (Depths:2)
  14 ettins
  6 merfolk javelineers
  7 merfolk impalers
  An entropy weaver (Vaults:2)
  A crystal guardian (Vaults:2)
  3 jiangshi (Depths:1)
  9 fire dragons
  9 deep elf high priests
  26 vault guards
  2 rakshasas
  5 hydras
  7 great orbs of eyes
  16 yaktaur captains
  5 ogre magi
  3 salamander tyrants (Snake:4)
  7 spriggan air magi
  4 ice dragons
  A hell beast (Depths:3)
  2 alligator snapping turtles (Shoals:4)
  2 peacekeepers
  An anaconda (shapeshifter) (Elf:3)
  7 anacondas
  2 merfolk avatars
  The ghost of Boda the Convoker, a journeyman TeSu of Gozag (Shoals:1)
  6 centaur warriors
  11 ironbound frosthearts
  6 boulder beetles
  6 merfolk aquamancers
  29 dancing weapons
  18 two-headed ogres
  11 deep troll shamans
  3 catoblepae
  A death knight (D:14)
  A satyr (Shoals:4)
  20 tengu warriors
  8 death yaks
  15 naga warriors
  A jorogumo (shapeshifter) (Vaults:4)
  2 vampire magi
  6 orc high priests
  9 deep troll earth magi
  A shock serpent (shapeshifter) (Vaults:5)
  8 hell hogs
  7 spriggan berserkers
  19 naga sharpshooters
  3 soul eaters (Depths:2)
  7 shock serpents
  13 hell knights
  5 occultists
  3 sun demons (Depths:2)
  25 deep elf knights
  9 skysharks
  2 skysharks (shapeshifter)
  A titan skeleton (Vaults:2)
  2 salamander mystics
  18 skeletal warriors
  A fire crab (shapeshifter) (Vaults:5)
  18 iron trolls
  A cyclops (shapeshifter) (Vaults:4)
  2 sixfirhies (D:14)
  4 shadow wraiths (Depths:2)
  2 death drakes (shapeshifter)
  9 sea snakes
  13 mana vipers
  43 deep trolls
  4 flayed ghosts
  5 arcanists
  An orb spider (D:12)
  2 quicksilver dragon simulacra (Depths:2)
  8 glowing orange brains
  13 naga ritualists
  4 phantasmal warriors
  12 lindwurms
  5 necromancers
  An orange crystal statue (Gauntlet)
  A tengu zombie (Vaults:4)
  18 ironbound convokers
  17 deep elf archers
  9 harpies
  25 deep elf pyromancers
  A faun (shapeshifter) (Vaults:3)
  4 orc sorcerers (Orc:2)
  A sphinx simulacrum (Vaults:4)
  26 ugly things
  6 orc knights
  2 wolf spiders
  An orb spider (shapeshifter) (Vaults:5)
  3 fauns
  18 deep elf zephyrmancers
  11 manticores
  13 salamanders
  A stone giant skeleton (Vaults:2)
  An elephant (shapeshifter) (Vaults:5)
  14 moths of wrath
  10 cyclopes
  A salamander (shapeshifter) (Vaults:5)
  A rust devil (Zot:3)
  A meliai (shapeshifter) (Vaults:5)
  A frost giant skeleton (Vaults:4)
  An ice statue (Depths:2)
  13 guardian serpents
  15 vault sentinels
  A cane toad (shapeshifter) (D:13)
  5 water nymphs
  7 elephants
  6 kobold blastminers
  6 merfolk sirens
  31 black mambas
  15 cane toads
  A smoke demon (D:12)
  20 naga magi
  3 molten gargoyles
  9 gargoyles
  A hellion (D:15)
  An efreet (D:15)
  2 rime drakes
  A kobold demonologist (D:7)
  2 unseen horrors
  12 komodo dragons
  An anaconda simulacrum (Snake:4)
  6 freezing wraiths
  3 tengu conjurers
  34 yaktaurs
  3 ice devils
  13 trolls
  A merfolk (shapeshifter) (Vaults:5)
  A yaktaur skeleton (Vaults:2)
  A red devil (Depths:4)
  32 merfolk
  A polar bear (Lair:4)
  A hellwing (D:1)
  13 blink frogs
  7 wind drakes
  4 hornets
  A raiju (shapeshifter) (Elf:2)
  11 snapping turtles
  A slime creature (shapeshifter) (Vaults:5)
  A spectral guardian serpent (Snake:4)
  7 dream sheep
  39 slime creatures
  3 air elementals
  2 shadows
  2 spectral black mambas (Snake:4)
  3 wraiths
  A ynoxinul (Gauntlet)
  5 spriggans (Depths:1)
  49 yaks
  13 water elementals
  3 wyverns
  A mana viper simulacrum (Snake:4)
  2 fire elementals
  4 steam dragons
  3 fire bats (Depths:4)
  A neqoxec (D:15)
  8 basilisks
  Grum (D:9)
  A spectral salamander (Snake:4)
  5 wargs
  A redback (shapeshifter) (D:15)
  11 vampire mosquitoes
  A swamp worm (shapeshifter) (Vaults:5)
  46 nagas
  3 acid dragons
  19 water moccasins
  3 hell hounds (Lair:5)
  An ogre skeleton (Vaults:2)
  2 black bears (D:10)
  A black mamba simulacrum (Snake:4)
  4 ettin simulacra (Depths:2)
  A human zombie (Vaults:4)
  53 orc warriors
  A sky beast (D:7)
  14 ogres
  A boggart (Elf:1)
  22 wolves
  6 centaurs
  6 human skeletons
  2 phantoms
  Blork the orc (D:4)
  2 earth elementals
  6 kobold brigands
  A gnoll sergeant (D:7)
  14 bullfrogs
  4 scorpions
  A small abomination (D:12)
  7 wights (D:8)
  19 killer bees
  2 spectral nagas (Snake:4)
  3 howler monkeys
  5 lava snakes (Lair:5)
  7 electric eels
  A crimson imp (D:8)
  3 bombardier beetles
  6 hounds
  5 iguanas
  33 orc priests
  3 iron imps
  2 jellies
  28 orc wizards
  A sleepcap (D:7)
  A naga simulacrum (Snake:4)
  Robin (D:3)
  9 adders
  23 gnolls
  2 shadow imps
  2 white imps (D:6)
  4 ufetubi
  2 ribbon worms (D:5)
  2 dart slugs
  120 orcs
  5 endoplasms
  2 giant cockroaches
  19 goblins
  19 hobgoblins
  3 jackals (D:5)
  35 kobolds
  5 quokkas
  6 ball pythons
  8 bats
  A frilled lizard (D:3)
  2 rats (D:1)
  An aspiring flesh (Zot:3)
  2 spectral weapons (Depths:2)
2169 creatures vanquished.

Vanquished Creatures (collateral kills)
  A caustic shrike (Depths:4)
  A deep elf blademaster (Elf:3)
  A storm dragon (Zot:5)
  A shadow dragon (Zot:5)
  A rakshasa (Depths:4)
  A vault guard (Vaults:5)
  A boulder beetle (Vaults:4)
  A fire crab (shapeshifter) (Depths:3)
8 creatures vanquished.

Vanquished Creatures (others)
  A caustic shrike zombie (Depths:4)
  A yellow draconian (Zot:2)
  A red draconian (Zot:3)
  A vault guard (Vaults:5)
  An iron troll zombie (Depths:4)
  2 human zombies
  A hornet (D:10)
  A fire bat (Depths:4)
  2 ettin simulacra (Depths:2)
  An orc (D:6)
12 creatures vanquished.

Grand Total: 2189 creatures vanquished

Notes
Turn   | Place    | Note
-------+----------+-------------------------------------------
     0 | D:1      | momomo the Oni Monk began the quest for the Orb.
     0 | D:1      | Reached XP level 1. HP: 24/24 MP: 1/1
   158 | D:1      | Reached XP level 2. HP: 28/32 MP: 2/2
   791 | D:2      | Reached XP level 3. HP: 38/40 MP: 3/3
   828 | D:2      | Found an ancient bone altar of Kikubaaqudgha.
   854 | D:2      | Learned a level 1 spell: Apportation
   856 | D:2      | Learned a level 1 spell: Summon Small Mammal
  1488 | D:2      | Reached XP level 4. HP: 49/49 MP: 4/4
  1640 | D:2      | You are sucked into a shaft and drop 2 floors!
  1697 | D:3      | Reached skill level 5 in Fighting
  2147 | D:3      | Noticed Robin
  2173 | D:3      | Killed Robin
  2174 | D:3      | Reached XP level 5. HP: 57/57 MP: 5/5
  2276 | D:3      | Reached skill level 5 in Maces & Flails
  2748 | D:3      | Learned a level 2 spell: Call Imp
  2799 | D:4      | Reached skill level 1 in Shapeshifting
  2831 | D:4      | Found a sparkling altar of Nemelex Xobeh.
  2853 | D:4      | Noticed a phantom
  2863 | D:4      | Killed a phantom
  2864 | D:4      | Reached skill level 1 in Evocations
  2864 | D:4      | Reached XP level 6. HP: 59/67 MP: 6/6
  2953 | D:4      | Found a staircase to the Ecumenical Temple.
  3033 | Temple   | Entered the Ecumenical Temple
  3037 | Temple   | Became a worshipper of the Wu Jian Council
  3037 | Temple   | Reached * piety under Wu Jian
  3037 | Temple   | Reached ** piety under Wu Jian
  3362 | D:4      | Noticed Blork the orc
  3369 | D:4      | Killed Blork the orc
  3370 | D:4      | Reached skill level 6 in Fighting
  3370 | D:4      | Reached XP level 7. HP: 51/75 MP: 3/7
  3745 | D:5      | Entered Level 5 of the Dungeon
  4091 | D:5      | Found a shadowy altar of Dithmenos.
  4507 | D:5      | Reached *** piety under Wu Jian
  4613 | D:5      | Identified the +9 rapier of Feutaf Duusk {antimagic, Str+4
                  | Int+2}
  4658 | D:5      | Reached XP level 8. HP: 64/84 MP: 6/8
  4940 | D:5      | Found Taeqon's Magic Scroll Shoppe.
  5005 | D:5      | Bought a scroll of revelation for 82 gold pieces
  5005 | D:5      | Bought a scroll of enchant armour for 82 gold pieces
  5005 | D:5      | Bought a scroll of immolation for 44 gold pieces
  5005 | D:5      | Bought a scroll of brand weapon for 104 gold pieces
  5047 | D:5      | Reached skill level 7 in Fighting
  5412 | D:6      | Found a bloodstained altar of Trog.
  6158 | D:7      | Reached skill level 8 in Fighting
  6158 | D:7      | Reached XP level 9. HP: 71/96 MP: 9/9
  6322 | D:7      | Noticed a hornet
  6333 | D:7      | Killed a hornet
  6342 | D:7      | Reached **** piety under Wu Jian
  7045 | D:7      | Noticed a cyclops
  7062 | D:7      | Killed a cyclops
  7063 | D:7      | Reached skill level 9 in Fighting
  7063 | D:7      | Reached skill level 5 in Shapeshifting
  7073 | D:7      | Noticed a boulder beetle
  7087 | D:7      | Killed a boulder beetle
  7088 | D:7      | Reached skill level 10 in Maces & Flails
  7088 | D:7      | Reached XP level 10. HP: 63/109 MP: 6/10
  7304 | D:7      | Noticed a cyan ugly thing
  7314 | D:7      | Noticed a red ugly thing
  7663 | D:7      | Reached skill level 10 in Fighting
  8017 | D:7      | Noticed a kobold demonologist
  8033 | D:7      | Noticed a gargoyle
  8038 | D:7      | Killed a gargoyle
  8083 | D:7      | Killed a kobold demonologist
  8252 | D:7      | Killed a cyan ugly thing
  8255 | D:7      | Killed a red ugly thing
  8425 | D:8      | Found Ikodeb's Antique Armour Emporium.
  8576 | D:8      | Found an ancient bone altar of Kikubaaqudgha.
  8739 | D:8      | Found a burning altar of Makhleb.
  8742 | D:8      | Reached skill level 1 in Throwing
  8793 | D:8      | Found a stormy altar of Qazlal.
  8826 | D:8      | Found a white marble altar of Elyvilon.
  8948 | D:8      | Reached skill level 11 in Fighting
  9329 | D:9      | Reached XP level 11. HP: 93/120 MP: 9/11
  9455 | D:9      | Identified the staff of Change {rElec rPois Will++ Alchemy}
  9485 | D:9      | Noticed Grum
  9493 | D:9      | Reached ***** piety under Wu Jian
  9512 | D:9      | Killed Grum
 10004 | D:9      | Found a snail-covered altar of Cheibriados.
 10359 | D:10     | Entered Level 10 of the Dungeon
 10440 | D:10     | Noticed a two-headed ogre
 10442 | D:10     | Found a staircase to the Lair.
 10478 | D:10     | Killed a two-headed ogre
 10648 | D:10     | Found a staircase to the Orcish Mines.
 10888 | D:10     | Reached skill level 12 in Fighting
 11020 | D:10     | Noticed a two-headed ogre
 11040 | D:10     | Killed a two-headed ogre
 11041 | D:10     | Reached skill level 5 in Dodging
 11954 | D:11     | Noticed a cyclops
 11963 | D:11     | Killed a cyclops
 11964 | D:11     | Reached skill level 5 in Throwing
 12096 | D:11     | Reached XP level 12. HP: 126/133 MP: 10/12
 12828 | D:12     | Reached skill level 13 in Fighting
 12883 | D:12     | Noticed a two-headed ogre
 12892 | D:12     | Killed a two-headed ogre
 13002 | D:12     | Identified the +3 broad axe of Disintegration {venom, rElec
                  | rPois Str-5 Int-3}
 13244 | D:12     | Identified the +0 robe of Watchfulness {+Inv rPois Str+8
                  | Int-5}
 14337 | D:13     | Found a gate to the Vaults.
 14456 | D:13     | an acid dragon changed into an entropy weaver
 14456 | D:13     | Noticed an entropy weaver (shapeshifter)
 14460 | D:13     | an entropy weaver changed into a cane toad
 14578 | D:13     | Noticed a centaur warrior
 14587 | D:13     | Killed a centaur warrior
 14688 | D:13     | Noticed Sonja
 14689 | D:13     | Sonja changed into Sonja the blink frog
 14689 | D:13     | Noticed Sonja
 14694 | D:13     | Killed Sonja the blink frog
 14728 | D:13     | Noticed a boulder beetle
 14736 | D:13     | Killed a boulder beetle
 15055 | D:13     | Reached skill level 14 in Fighting
 15223 | D:13     | Reached XP level 13. HP: 120/146 MP: 9/13
 15249 | D:13     | Reached ****** piety under Wu Jian
 16689 | D:14     | Identified the +4 flail "Coqetoopn" {freeze, Int+4}
 16795 | D:14     | Reached skill level 10 in Shapeshifting
 17375 | D:15     | Entered Level 15 of the Dungeon
 17508 | D:15     | Found an opulent altar of Gozag.
 18348 | D:15     | Reached XP level 14. HP: 108/156 MP: 12/14
 18494 | D:15     | Found a staircase to the Depths.
 18742 | D:15     | Found an opulent altar of Gozag.
 19111 | D:15     | Found a staircase to the Depths.
 19449 | D:5      | Bought a scroll of enchant weapon for 82 gold pieces
 19449 | D:5      | Bought 2 scrolls of enchant armour for 165 gold pieces
 19559 | Lair:1   | Entered Level 1 of the Lair of Beasts
 20720 | Lair:1   | Identified a scroll of acquirement
 20722 | Lair:2   | Found a hide-covered altar of Uskayaw.
 20745 | Lair:2   | Found a staircase to the Shoals.
 21982 | Lair:3   | Found a hide-covered altar of Uskayaw.
 22293 | Lair:3   | Reached skill level 15 in Shapeshifting
 22306 | Lair:3   | Found a staircase to the Snake Pit.
 22885 | Lair:4   | Found a gate leading to a gauntlet.
 22902 | Gauntlet | Entered a Gauntlet
 22902 | Gauntlet | Found a transporter.
 22909 | Gauntlet | Found a transporter.
 22933 | Gauntlet | Found a transporter.
 22942 | Gauntlet | Found a transporter.
 22955 | Gauntlet | Found a transporter.
 22971 | Gauntlet | Found a transporter.
 22981 | Gauntlet | Found a transporter.
 22986 | Gauntlet | Found a transporter.
 22986 | Gauntlet | Found a transporter.
 23021 | Gauntlet | Found a transporter.
 23033 | Gauntlet | Found a transporter.
 23064 | Gauntlet | Found a transporter.
 23064 | Gauntlet | Found a transporter.
 23067 | Gauntlet | Identified the ring "Nylopit" {^Contam Fly rPois Str+3}
 23079 | Gauntlet | Found a transporter.
 23083 | Gauntlet | Reached XP level 15. HP: 163/163 MP: 11/15
 23238 | Gauntlet | Identified the ring of the Stallion {rC+ AC+4 Stlth+}
 23277 | Gauntlet | Identified the ring of Sudwoif {Ice *Slow rCorr MP+9 Int+9}
 23287 | Gauntlet | Identified the +10 dagger of the Wolf {holy, Will- Str+5
                  | Dex+4}
 24069 | Lair:5   | Entered Level 5 of the Lair of Beasts
 24395 | Lair:5   | Found a staircase to the Slime Pits.
 24608 | Lair:5   | Found a large runed translucent door.
 24895 | Lair:5   | Found a large runed translucent door.
 26383 | Orc:1    | Entered Level 1 of the Orcish Mines
 26389 | Orc:1    | Reached skill level 15 in Maces & Flails
 26795 | Orc:2    | Entered Level 2 of the Orcish Mines
 26838 | Orc:2    | Reached skill level 15 in Fighting
 27071 | Orc:2    | Reached skill level 5 in Evocations
 27319 | Orc:2    | Reached XP level 16. HP: 176/176 MP: 14/16
 27363 | Orc:2    | Found Effishog's Jewellery Boutique.
 27399 | Orc:2    | Bought a ring of wizardry for 360 gold pieces
 27561 | Orc:2    | Found Jocleyxt's Jewellery Shop.
 27617 | Orc:2    | Bought a ring of protection from fire for 400 gold pieces
 27627 | Orc:2    | Bought an amulet of regeneration for 360 gold pieces
 27973 | Orc:2    | Found Jasofot's Magic Scroll Shop.
 28152 | Orc:2    | Bought a scroll of fear for 56 gold pieces
 28152 | Orc:2    | Bought a scroll of noise for 14 gold pieces
 28180 | Orc:2    | Found Fezah's Armour Boutique.
 28535 | Orc:2    | Found a staircase to the Elven Halls.
 28585 | Orc:2    | Reached skill level 16 in Fighting
 28925 | Elf:1    | Entered Level 1 of the Elven Halls
 29115 | Orc:2    | Acquired the +0 hat "Neerph" {Dex+2 SInv}
 29374 | Snake:1  | Entered Level 1 of the Snake Pit
 30143 | Snake:1  | Identified the +1 scale mail of Duty {+Blink rN+ Str+3}
 30421 | Snake:1  | Found an ornate altar of the Wu Jian Council.
 31402 | Snake:2  | Reached skill level 17 in Fighting
 31662 | Snake:2  | Reached XP level 17. HP: 191/191 MP: 17/17
 32190 | Snake:3  | Found Voum Joi's Jewellery Shoppe.
 32195 | Snake:3  | Found Bigrol's Jewellery Shoppe.
 33319 | Snake:4  | Entered Level 4 of the Snake Pit
 34050 | Snake:4  | Found a runed translucent gate.
 34050 | Snake:4  | Found a runed translucent gate.
 34050 | Snake:4  | Found a runed translucent gate.
 34051 | Snake:4  | Noticed Gargoyl's ghost (adept GrBe)
 34273 | Snake:4  | Killed Gargoyl's ghost
 34428 | Snake:4  | Reached skill level 18 in Fighting
 34463 | Snake:4  | Reached skill level 10 in Throwing
 34913 | Snake:4  | Reached XP level 18. HP: 205/205 MP: 18/18
 35603 | Snake:4  | Got a serpentine rune of Zot
 36034 | Shoals:1 | Entered Level 1 of the Shoals
 36173 | Shoals:1 | Noticed Boda's ghost (journeyman TeSu)
 36254 | Shoals:1 | Reached skill level 19 in Fighting
 36334 | Shoals:1 | Found a runed translucent gate.
 36334 | Shoals:1 | Found a runed translucent gate.
 36334 | Shoals:1 | Found a runed translucent gate.
 36764 | Shoals:1 | Killed Boda's ghost
 38562 | Shoals:4 | Entered Level 4 of the Shoals
 38835 | Shoals:4 | Reached XP level 19. HP: 165/218 MP: 11/19
 39434 | Shoals:4 | Found Nayqyul's Distillery.
 39442 | Shoals:4 | Bought a potion of magic for 168 gold pieces
 39442 | Shoals:4 | Bought a potion of curing for 63 gold pieces
 39442 | Shoals:4 | Bought a potion of haste for 210 gold pieces
 39723 | Shoals:4 | Reached skill level 20 in Fighting
 39906 | Shoals:4 | Got a barnacled rune of Zot
 40183 | Snake:3  | Bought the amulet of the Four Winds {rN+ Will+++ Clar} for
                  | 607 gold pieces
 40183 | Snake:3  | Found the amulet of the Four Winds {rN+ Will+++ Clar}
 41348 | Elf:1    | Found a portal to a secret trove of treasure.
 41384 | Elf:1    | You paid a toll of 7 scrolls of fear to enter a treasure
                  | trove
 41385 | Trove    | Entered a treasure trove
 41432 | Trove    | Found the +1 cloak of Starlight {*Dazzle EV+4 Stlth--}
 41432 | Trove    | Found the +2 cloak of the Thief {*Fog Slay-2 SInv Stlth+}
 41433 | Trove    | Identified the +0 robe "Dualad" {+Inv rC+ rN+ Str+2}
 41457 | Trove    | Identified the +1 robe "Enuliela" {rF- SInv Archmagi}
 41460 | Trove    | Identified the +2 troll leather armour of Ru's Righteous
                  | Anger {Rampage Regen+ rCorr Int-5 Stlth+}
 41462 | Trove    | Identified the orb "Itoegun" {light, Air}
 42295 | Elf:2    | Found a runed translucent gate.
 42296 | Elf:2    | Found a runed translucent gate.
 42296 | Elf:2    | Found a runed translucent gate.
 42784 | Elf:2    | Paralysed by an air elemental for 1 turns
 42915 | Elf:3    | Entered Level 3 of the Elven Halls
 43069 | Elf:3    | Found a shimmering blue altar of Sif Muna.
 43111 | Elf:3    | Found Moihorch's Book Shop.
 43143 | Elf:3    | Noticed Zenata
 43154 | Elf:3    | Killed Zenata
 43551 | Elf:3    | Noticed a Brimstone Fiend
 43740 | Elf:3    | Reached XP level 20. HP: 231/231 MP: 20/20
 43759 | Elf:3    | Reached skill level 21 in Fighting
 44159 | Elf:3    | Identified the ring "Haprem" {rPois Dex+5 Slay-4}
 44478 | Elf:3    | Identified the staff "Qaoxunk" {rC+ Hexes Ice}
 44498 | Elf:3    | Identified the staff of the Building Hero {rC+ Stlth+ Ice}
 44502 | Elf:3    | Identified the +2 chain mail of Ocraog {Int+9 Slay-4}
 44589 | Elf:3    | Got Sif Muna's Guidebook on Enchanted Leadership
 44598 | Elf:3    | Got Bunec's Anthology of Degeneration
 45216 | Elf:2    | Reached skill level 22 in Fighting
 45775 | Elf:2    | Learned a level 2 spell: Blink
 45780 | Elf:2    | Learned a level 4 spell: Passage of Golubria
 45786 | Elf:2    | Learned a level 5 spell: Borgnjor's Vile Clutch
 46067 | Vaults:1 | Entered Level 1 of the Vaults
 46368 | Vaults:1 | Reached skill level 1 in Necromancy
 46370 | Vaults:1 | Reached skill level 1 in Earth Magic
 46486 | Vaults:1 | Reached skill level 1 in Translocations
 46635 | Vaults:1 | Reached skill level 1 in Spellcasting
 47447 | Vaults:2 | Reached skill level 23 in Fighting
 47504 | Vaults:2 | Found a staircase to the Crypt.
 47696 | Vaults:2 | Found a white marble altar of Elyvilon.
 47710 | Vaults:2 | Reached XP level 21. HP: 249/249 MP: 24/24
 49074 | Vaults:3 | Reached skill level 15 in Throwing
 49420 | Vaults:3 | Reached skill level 5 in Necromancy
 49438 | Vaults:3 | Reached skill level 5 in Translocations
 49438 | Vaults:3 | Reached skill level 5 in Earth Magic
 50615 | Vaults:4 | Identified the amulet of Rasicapp {Regen+ Dex+3}
 50814 | Vaults:4 | Identified the +7 mace of Eternal Vigilance {freeze, *Rage
                  | rElec rPois Str+4}
 50842 | Vaults:4 | Noticed a dread lich
 50851 | Vaults:4 | Killed a dread lich
 50852 | Vaults:4 | Reached skill level 24 in Fighting
 50852 | Vaults:4 | Reached skill level 5 in Spellcasting
 50852 | Vaults:4 | Reached XP level 22. HP: 262/262 MP: 29/29
 50852 | Vaults:4 | Identified the amulet "Jewiohonn" {Acrobat +Inv rCorr Str-5
                  | Dex+6 SInv}
 50888 | Vaults:4 | Identified the staff of the Ageless Spines {rPois rC+ Str+2
                  | Ice}
 51349 | Vaults:4 | Identified the ring "Rosou" {rN+ Will+ Str+4 Int+6}
 51614 | Vaults:4 | Found a transporter.
 51614 | Vaults:4 | Noticed temujin's ghost (adept MiFi)
 51619 | Vaults:4 | Noticed an ancient lich
 51642 | Vaults:4 | Found a transporter.
 51866 | Vaults:4 | Killed an ancient lich
 51872 | Vaults:4 | Killed temujin's ghost
 51891 | Vaults:4 | Identified the ring "Osinoijea" {Int+6 Slay+3}
 51895 | Vaults:4 | Identified the +1 helmet of Fedhas's Displeasure {Rampage}
 51904 | Vaults:4 | Reached XP level 23. HP: 274/274 MP: 31/31
 51923 | Vaults:4 | Learned a level 2 spell: Lesser Beckoning
 51929 | Vaults:4 | Learned a level 5 spell: Summon Forest
 51934 | Vaults:4 | Learned a level 4 spell: Manifold Assault
 52219 | Depths:1 | Entered Level 1 of the Depths
 52893 | Depths:1 | You fall into a shaft and drop 1 floor!
 52977 | Depths:2 | Found a snail-covered altar of Cheibriados.
 52977 | Depths:2 | Found a one-way gate to the infinite horrors of the Abyss.
 53068 | Depths:1 | Found a gateway to Hell.
 53484 | Depths:1 | Found a one-way gateway to a ziggurat.
 53548 | Depths:1 | Noticed the Enchantress
 53806 | Depths:1 | Killed the Enchantress
 53819 | Depths:1 | Reached skill level 25 in Fighting
 53821 | Depths:1 | Reached XP level 24. HP: 190/286 MP: 8/33
 54331 | Depths:2 | Found a broken altar of Ashenzari.
 54335 | Depths:2 | Found a one-way gate leading to the halls of Pandemonium.
 54626 | Depths:2 | Identified the +0 scale mail of Ennui {rN+ rCorr}
 54750 | Depths:2 | Acquired the +10 dark maul {heavy}
 54750 | Depths:2 | Found the +10 dark maul {heavy}
 55058 | Depths:2 | Found a shadowy altar of Dithmenos.
 55399 | Depths:2 | Found a basalt altar of Yredelemnul.
 55446 | Depths:2 | Identified the +1 arbalest "Wiuneusk" {freeze, MP+9}
 55713 | Depths:2 | Identified the +8 chain mail "Pysimm" {Regen+}
 55723 | Depths:2 | Reached skill level 10 in Dodging
 56145 | Depths:3 | Found Jufos's Magic Scroll Boutique.
 56151 | Depths:3 | Found Tomeapefun's Antique Armour Boutique.
 56151 | Depths:3 | Found Lemekhao's Armour Shop.
 56154 | Depths:3 | Found Kefaogeq's Armour Shop.
 56156 | Depths:3 | Bought a scroll of blinking for 127 gold pieces
 56345 | Depths:3 | Noticed a juggernaut
 56360 | Depths:3 | Killed a juggernaut
 56384 | Depths:3 | Noticed a juggernaut
 56390 | Depths:3 | Noticed a juggernaut
 56392 | Depths:3 | Killed a juggernaut
 56394 | Depths:3 | Killed a juggernaut
 56613 | Depths:3 | Reached XP level 25. HP: 295/295 MP: 36/36
 56644 | Depths:3 | Identified the staff "Oxtyomno" {rPois rF+ Int+4 SInv Fire}
 56692 | Depths:3 | Noticed a juggernaut
 56695 | Depths:3 | Killed a juggernaut
 56721 | Depths:3 | Identified the ring "Inichiabyc" {Ice rN+ Str+4 SInv}
 57101 | Depths:3 | Reached skill level 10 in Necromancy
 57191 | Depths:3 | Reached skill level 10 in Earth Magic
 57446 | Depths:3 | Found an ornate altar of the Wu Jian Council.
 57838 | Depths:4 | Entered Level 4 of the Depths
 57842 | Depths:4 | Noticed a juggernaut
 57848 | Depths:4 | Killed a juggernaut
 57860 | Depths:4 | Reached skill level 10 in Spellcasting
 58217 | Depths:4 | Noticed a juggernaut
 58217 | Depths:4 | Noticed an ancient lich
 58327 | Depths:4 | Killed a juggernaut
 58718 | Depths:4 | Found a gate to the Realm of Zot.
 58834 | Depths:4 | Killed an ancient lich
 59139 | Depths:4 | Learned a level 3 spell: Passwall
 59510 | Orc:2    | Bought a scroll of enchant weapon for 105 gold pieces
 59510 | Orc:2    | Bought a scroll of teleportation for 42 gold pieces
 59655 | Elf:3    | Bought a manual of Dodging for 1120 gold pieces
 59948 | Shoals:4 | Bought 2 potions of mutation for 336 gold pieces
 59948 | Shoals:4 | Bought 2 potions of mutation for 336 gold pieces
 60253 | Vaults:5 | Entered Level 5 of the Vaults
 60351 | Vaults:5 | Reached XP level 26. HP: 251/305 MP: 37/37
 60597 | Vaults:5 | Noticed a dread lich
 60610 | Vaults:5 | Identified the ring "Kusch" {rCorr Str+5 Int+2 Dex-2}
 60804 | Vaults:5 | Identified the +5 scale mail of the Invisible Hand {Str+2
                  | Stlth+}
 60877 | Vaults:5 | Identified the ring of Seac Odi {rF+ rCorr Dex+2}
 61325 | Vaults:5 | Killed a dread lich
 61361 | Vaults:5 | Got a silver rune of Zot
 61526 | Vaults:5 | Got the Cyclopedia of the Tempest and the Cwm
 62195 | Zot:1    | Entered Level 1 of the Realm of Zot
 62196 | Zot:1    | Upgraded the game from 0.32-a0-141-g04fe69798e to
                  | 0.32-a0-171-g4625e66871
 62405 | Zot:3    | Noticed Parghit
 62426 | Zot:3    | Killed Parghit
 63114 | Zot:4    | Reached XP level 27. HP: 276/314 MP: 37/37
 63239 | Zot:5    | Entered Level 5 of the Realm of Zot
 63273 | Zot:5    | Found a runed translucent gate.
 63273 | Zot:5    | Found a runed translucent gate.
 63273 | Zot:5    | Found a runed translucent gate.
 63274 | Zot:5    | Noticed Nanua's ghost (legendary GnRe)
 63969 | Zot:5    | Noticed an orb of fire
 63981 | Zot:5    | Killed an orb of fire
 64232 | Zot:5    | Noticed a dread lich
 64264 | Zot:5    | Noticed an orb of fire
 64271 | Zot:5    | Killed an orb of fire
 64273 | Zot:5    | Noticed an orb of fire
 64277 | Zot:5    | Killed an orb of fire
 64280 | Zot:5    | Killed a dread lich
 64282 | Zot:5    | Noticed a dread lich
 64282 | Zot:5    | Noticed an orb of fire
 64285 | Zot:5    | Killed a dread lich
 64287 | Zot:5    | Gained mutation: You are dopey. (Int -2) [an orb of fire]
 64288 | Zot:5    | Killed an orb of fire
 64296 | Zot:5    | Noticed an orb of fire
 64300 | Zot:5    | Killed an orb of fire
 64301 | Zot:5    | Reached skill level 15 in Dodging
 64352 | Zot:5    | Reached skill level 10 in Evocations
 65205 | Zot:5    | Gained mutation: You occasionally lose the ability to drink
                  | potions when taking damage. [mutagenic glow]
 65320 | Zot:5    | Lost mutation: You occasionally lose the ability to drink
                  | potions when taking damage. [potion of mutation]
 65320 | Zot:5    | Lost mutation: You are dopey. (Int -2) [potion of mutation]
 65320 | Zot:5    | Gained mutation: You are agile. (Dex +4, Str/Int -1)
                  | [potion of mutation]
 65320 | Zot:5    | Gained mutation: You are strong-willed. (Will+) [potion of
                  | mutation]
 65320 | Zot:5    | Gained mutation: Your spells are a little harder to cast,
                  | but a little more powerful. [potion of mutation]
 65380 | Zot:5    | Got the Orb of Zot
 65460 | Zot:4    | Noticed a seraph
 65648 | Depths:1 | Lost mutation: You are agile. (Dex +4, Str/Int -1) [a
                  | cacodemon]
 65775 | D:12     | Noticed Mamaj the pandemonium lord
 65779 | D:12     | Killed Mamaj the pandemonium lord
 65798 | D:11     | Noticed Fiocsa the pandemonium lord
 65908 | D:4      | Noticed Oqyug the pandemonium lord
 65915 | Abyss:5  | Cast into level 5 of the Abyss (Oqyug)
 65918 | D:4      | Escaped the Abyss
 66010 | D:$      | Escaped with the Orb!

Illustrated notes

Levels and vault maps discovered:
D:1:      nzn_arrival_crosshair, layout_basic
D:2:      wad_crossroads, layout_loops_ring, basic_altar,
          hangedman_abyss_or_decor_lesser_grid
D:3:      layout_basic, minmay_misc_feat_encased, grunt_ministairs_7, uniq_robin
D:4:      layout_loops_ring, nemelex_diamond_rough_becter,
          minmay_temple_entry_slanted, uniq_blork_the_orc
D:5:      corexii_shantytown, layout_rooms,
          mainiacjoe_overflow_concentric_impassable, serial_shops, shop
D:6:      cheibrodos_helix_gallery, layout_loops_cross, trog_butcher_becter,
          dreamdust_princess_corridor, kennysheep_flooded_box,
          serial_bayou_pond_a
D:7:      layout_loops_ring, minivault_26,
          nicolae_concentric_dashed_squares_mild, minmay_the_grid_2x2
          [minmay_the_grid_minigrid_small_alt, minmay_the_grid_aliased_spiral,
          minmay_the_grid_diamond_grid, minmay_the_grid_prize_four_corners]
D:8:      layout_basic, mainiacjoe_overflow_six_doors_small,
          makhleb_grotto_becter, mainiacjoe_overflow_swirl,
          nicolae_stop_n_shop_2
D:9:      layout_loops_ring, mainiacjoe_overflow_chevrons,
          corexii_hall_statues_x, st_stairs_2, uniq_grum
D:10:     layout_basic, david_lair_generic, hiddenorc2_lemuel
D:11:     layout_gridville
D:12:     layout_long_grid, minmay_librarian
D:13:     gargoyle_guard, layout_loops_ring, erik_vaults_1, uniq_sonja
D:14:     layout_loops_ring, minmay_misc_feat_four_crosses,
          serial_bayou_lagoon_b
D:15:     hangedman_depths_entry_try_elsewhere_first, layout_long_grid,
          grunt_gozag_statues, glass_columns_c
Temple:   compressed_dpeg_circular_temple
Lair:1:   layout_loops_ring, serial_bayou, serial_bayou_pond_b,
          serial_bayou_crossing, serial_bayou_pond_c, serial_bayou_shore_b,
          serial_bayou_lake_a, serial_bayou_lagoon_a
Lair:2:   layout_chaotic_city, elwin_shoals_entry_rocks, basic_altar,
          grunt_megastairs_3
Lair:3:   layout_cave_pods, guppyfry_snake_entry_garden, basic_altar
Lair:4:   layout_misc_corridors, gauntlet_entry_generic, serial_bayou,
          serial_bayou_shore_b, serial_bayou_pond_a, serial_bayou_pond_a,
          serial_bayou_pond_d, minivault_19, minivault_24, lemuel_fruit_fields
Lair:5:   cheibrodos_lair_end_hotspot, layout_layer_cave,
          minmay_slime_entry_pillars
Shoals:1: layout_shoals, gammafunk_ghost_split, nicolae_shoals_seven_spires
Shoals:2: layout_shoals, nicolae_shoals_circle_sea_wall
Shoals:3: nzn_motion_control, layout_shoals
Shoals:4: shoals_end_simple, layout_shoals, serial_shops, shop
Snake:1:  layout_basic, basic_altar, nicolae_snake_naga_rites
Snake:2:  layout_onion_interference, nicolae_elevator_lobby_asterisk
Snake:3:  layout_layer_cave, minmay_shop_star
Snake:4:  grunt_snake_rune_spirals, layout_onion, gammafunk_ghost_necromancy,
          nicolae_fountain_basement
Orc:1:    layout_caves
Orc:2:    pubby_orc_utopia
Elf:1:    layout_gridlike, nicolae_trove_entry_crossroad,
          hangedman_elf_disciples, minivault_25_ag
Elf:2:    nicolae_elf_blades_crystal_corner, layout_geoelf_grid
Elf:3:    elf_hall_gauntlet_wide, layout_geoelf_castle, serial_shops, shop,
          lemuel_statue_altar, fountainhead, uniq_zenata
Vaults:1: v_misc_23, nicolae_vaults_closet_pinwheel_4,
          ontoclasm_vaults_ring_large, nicolae_vaults_tetromino_Z_1,
          nicolae_vaults_network_s, nicolae_vaults_double_plus_3,
          layout_vaults_omnigrid
Vaults:2: minmay_crypt_entry_skeletal_spiral, st_star, vaults_dpeg_ring,
          nicolae_vaults_sesquioval_fish, nicolae_vaults_twisting_passages,
          lemuel_angel_altar, nicolae_vaults_closet_pinwheel_4,
          nicolae_vaults_house_1, nicolae_vaults_house_3, v_misc_3,
          nicolae_vaults_little_squares_1, nicolae_vaults_little_squares_4,
          grunt_vaults_twisty, nicolae_vaults_door_testing_chamber,
          nicolae_vaults_house_3, layout_vaults_omnibox
Vaults:3: vaults_room_glass_cross, vaults_room_octagon, vaults_room_semicircle,
          ontoclasm_vaults_gateway, vaults_dpeg_spiral,
          nicolae_vaults_storage_room_doors, hangedman_vaults_variations,
          nicolae_vaults_closet_pinwheel_3, ontoclasm_vaults_twist,
          nicolae_vaults_sightless_eye, nicolae_vaults_wine_cellar,
          nicolae_vaults_tetromino_L_2, nicolae_vaults_house_1,
          nicolae_vaults_trapezoid_1, layout_vaults_maze_snakey
Vaults:4: gammafunk_ghost_mausoleum, nicolae_vaults_network_periphery,
          nicolae_vaults_octothorpe, nicolae_vaults_trapezoid_lopsided_1,
          nicolae_vaults_tetromino_L_1, hangedman_vaults_slice,
          vaults_room_pools, grunt_vaults_hallway_short, vaults_room_pool,
          nicolae_vaults_storing_the_good_stuff, layout_vaults_big_room,
          serial_glass
Vaults:5
Depths:1: layout_forbidden_donut, enter_ziggurat_e,
          hangedman_abyss_or_decor_clamps, grunt_hell_horde,
          minmay_misc_feat_ornament, kennysheep_generic_room_6, uniq_enchantress
Depths:2: grunt_profane_halls [grunt_profane_loot, grunt_profane_temple_dis,
          grunt_profane_temple_tar, grunt_profane_temple_geh,
          grunt_profane_temple_coc], abyss_entry, hell_entry, pan_entry
Depths:3: minmay_tearing_corner, layout_honeycomb, hell_entry,
          nicolae_abyss_entry_one_way_or_another, nzn_wu_jian_contemplation,
          infiniplex_staircase_river, firewood_loft, grunt_megastairs_4,
          serial_bayou_shore_b, minmay_shoptagon
Depths:4: grunt_x_marks_the_spot, layout_basic, hangedman_decor_opposing,
          pf_vacation_house_of_asmodeus, grunt_ministairs_2, grunt_tough_drop
Zot:1:    hangedman_snap_crack_crunch, layout_cathedral_of_symmetry, st_stairs_9
Zot:2:    layout_basic, ebering_ghost_inner_flame,
          regret_index_zotdec_twisting_globes
Zot:3:    layout_gridlike, regret_index_zot_stipple_split, uniq_parghit
Zot:4:    layout_gridlike
Zot:5:    layout_gridlike, ebering_ghost_rock_garden, nicolae_zig_zag_zippers

Skill      XL: |  1  2  3  4  5  6  7  8  9 10 11 12 13 14 15 16 17 18 19 20 21 22 23 24 25 26 27 |
---------------+----------------------------------------------------------------------------------+-----
Maces & Flails | 4 5 6 8 10 11 12 13 14 15 17 19 20 21 22 23 24 | 24.8
Fighting       | 5 6 8 9 11 12 14 15 17 18 19 20 23 24 25 | 25.0
Shapeshifting  | 1 2 4 5 6 7 11 15 16 17 18 | 18.0
Evocations     | 1 2 3 5 7 11 | 11.6
Throwing       | 2 5 7 8 10 11 13 14 15 16 19 20 21 | 21.9
Dodging        | 3 5 7 8 9 10 11 14 15 | 15.8
Necromancy     | 3 6 7 8 9 10 | 10.0
Earth Magic    | 3 6 7 8 9 10 | 10.0
Translocations | 3 6 7 8 9 |  9.2
Spellcasting   | 2 5 7 9 10 | 10.0

Action                     |  1- 3 |  4- 6 |  7- 9 | 10-12 | 13-15 | 16-18 | 19-21 | 22-24 | 25-27 || total
---------------------------+-------+-------+-------+-------+-------+-------+-------+-------+-------++-------
  Melee: Mace              |    84 |    23 |       |       |       |       |       |       |       ||   107
         Headbutt          |    13 |    15 |    45 |   153 |   197 |   193 |   216 |   145 |   288 ||  1265
         Flail             |       |   111 |   231 |   580 |   250 |       |       |       |       ||  1172
         Giant spiked club |       |       |       |       |   649 |   912 |  1001 |   624 |  1050 ||  4236
         Maul              |       |       |       |       |       |       |       |    47 |       ||    47
  Throw: Throwing net      |       |       |     1 |       |     1 |       |       |       |       ||     2
         Dart              |       |       |     5 |     6 |     7 |       |       |       |       ||    18
         Large rock        |       |       |       |       |     4 |     3 |     1 |       |       ||     8
         Boomerang         |       |       |       |       |       |       |    23 |       |       ||    23
   Cast: Manifold Assault  |       |       |       |       |       |       |       |    18 |    53 ||    71
         Borgnjor's Vile C |       |       |       |       |       |       |       |     2 |     2 ||     4
         Blink             |       |       |       |       |       |       |       |       |     3 ||     3
 Invoke: Serpent's Lash    |       |       |       |     1 |       |       |       |       |       ||     1
         Heavenly Storm    |       |       |       |       |       |     3 |     4 |     5 |     3 ||    15
Ability: Lunge             |       |     2 |    25 |    39 |    42 |    94 |    74 |    37 |    57 ||   370
         Whirlwind         |       |       |     5 |     9 |    26 |    47 |    78 |   151 |    86 ||   402
  Evoke: Wand              |       |       |       |    12 |     4 |       |       |     2 |    15 ||    33
         Sack of spiders   |       |       |       |       |       |       |     2 |       |       ||     2
         Phantom mirror    |       |       |       |       |       |       |     1 |       |       ||     1
    Use: Potion            |       |     3 |       |     2 |     6 |     5 |     4 |     1 |    17 ||    38
         Scroll            |       |       |     7 |     6 |    19 |     5 |     8 |     7 |    28 ||    80
   Stab: Held in net/web   |       |       |       |       |     1 |       |       |       |     2 ||     3
         Sleeping          |       |       |       |       |     4 |    15 |     1 |       |       ||    20
         Distracted        |       |       |       |       |     2 |       |       |     2 |       ||     4
         Petrified         |       |       |       |       |       |     5 |       |       |       ||     5
         Petrifying        |       |       |       |       |       |     1 |       |       |     2 ||     3
         Invisible         |       |       |       |       |       |       |    15 |    10 |     9 ||    34
         Paralysed         |       |       |       |       |       |       |       |     1 |     2 ||     3
         Confused          |       |       |       |       |       |       |       |     5 |       ||     5
 Armour: Robe              |    55 |   100 |   165 |    66 |    31 |       |       |       |       ||   417
         Acid dragon scale |       |       |       |   408 |    37 |       |       |       |       ||   445
         Skin              |       |       |       |       |  1374 |  1710 |  1401 |   856 |  1038 ||  6379
  Dodge: Dodged            |    53 |    69 |   122 |   257 |   991 |   909 |   927 |   713 |   925 ||  4966
   Form: Beast             |       |     1 |       |       |       |       |       |       |       ||     1
         Statue            |       |       |       |       |     2 |       |       |       |       ||     2
                           |       |       |       |       |     1 |       |       |       |       ||     1

Table legend: (Time is in decaauts)
 A = Elapsed time spent in this place.
 B = Non-inter-level travel time spent in this place.
 C = Inter-level travel time spent in this place.
 D = Time resting spent in this place.
 E = Time spent auto-exploring this place.
 F = Levels seen in this place.
 G = Mean time per level.
                   A        B        C        D        E       F      G
               +--------+--------+--------+--------+--------+-----+--------+
         Total |  89607 |  81601 |   8006 |  17106 |  49771 |  51 | 1757.0 |
       Dungeon |  22738 |  20286 |   2452 |   4972 |  12160 |  15 | 1515.9 |
        Temple |      8 |      5 |      3 |      0 |      0 |   1 |    8.0 |
          Lair |  10183 |   9278 |    905 |    687 |   7144 |   5 | 2036.6 |
        Shoals |   6193 |   5720 |    473 |   1100 |   3621 |   4 | 1548.2 |
     Snake Pit |  10084 |   9514 |    570 |   1827 |   6223 |   4 | 2521.0 |
  Orcish Mines |   4838 |   4128 |    710 |    717 |   2587 |   2 | 2419.0 |
   Elven Halls |   8205 |   7534 |    671 |   1931 |   4095 |   3 | 2735.0 |
        Vaults |  11405 |  10520 |    885 |    583 |   8106 |   5 | 2281.0 |
        Depths |  10365 |   9279 |   1086 |   2480 |   4908 |   4 | 2591.2 |
           Zot |   4828 |   4581 |    247 |   2660 |    642 |   5 |  965.6 |
         Abyss |      4 |      4 |      0 |      0 |      0 |   1 |    4.0 |
         Trove |    181 |    181 |      0 |      0 |     72 |   1 |  181.0 |
      Gauntlet |    570 |    570 |      0 |    147 |    211 |   1 |  570.0 |
               +--------+--------+--------+--------+--------+-----+--------+

Top non-repeatable levels by time:
   Orc:2: 4146 daAuts
 Snake:4: 3496 daAuts
Depths:2: 3420 daAuts
    D:15: 3378 daAuts
   Elf:3: 3356 daAuts
   Zot:5: 3144 daAuts
  Lair:5: 3029 daAuts
 Snake:3: 2713 daAuts
Vaults:2: 2659 daAuts
Depths:3: 2638 daAuts
 Snake:1: 2544 daAuts
   Elf:1: 2474 daAuts
    D:14: 2399 daAuts
   Elf:2: 2375 daAuts
Vaults:5: 2350 daAuts
